 Dungeon Crawl Stone Soup version 0.32-a0-699-g1ee5eff69a (webtiles) character file.

Game seed: 40285818020793162

2590 Ruich the Destroyer (level 9, -1/62 HPs)
             Began as a Demigod Conjurer on Mar 14, 2024.
             Slain by a warg (19 damage)
             ... on level 8 of the Dungeon.
             The game lasted 00:18:52 (11080 turns).

Ruich the Destroyer (Demigod Conjurer)             Turns: 11080, Time: 00:18:52

Health: -1/62      AC:  5    Str: 10    XL:     9   Next: 11%
Magic:  3/18       EV: 11    Int: 28    God:
Gold:   364        SH:  0    Dex: 16    Spells: 4/15 levels left

rFire   . . .        B - +3 long sword of Quantum Leap {freeze, rPois rCorr Str+2}
rCold   + . .        (no shield)
rNeg    . . .        a - +0 robe
rPois   +            h - +1 helmet
rElec   .            (no cloak)
rCorr   +            (no gloves)
SInv    .            n - +0 pair of boots
Will    .....        (no amulet)
Stlth   ++           r - ring of flight
HPRegen 0.30/turn    f - ring of protection from cold
MPRegen 0.16/turn

%: no passive effects
@: flying
A: high MP 1, forlorn, divine attributes
a: no special abilities


You were on level 8 of the Dungeon.
You visited 1 branch of the dungeon, and saw 9 of its levels.

You collected 364 gold pieces.


Innate Abilities, Weirdness & Mutations

You have an increased reservoir of magic. (+10% MP)
You shall have no god before yourself.
Your divine heritage dramatically boosts your attributes as you level up.


   Skills:
 - Level 2.0 Dodging
 - Level 2.0 Stealth
 + Level 3.7 Spellcasting
 * Level 9.2 Conjurations
 + Level 4.6 Translocations
 - Level 5.0 Alchemy


You had 4 spell levels left.
You knew the following spells:

 Your Spells              Type           Power      Damage    Failure   Level
b - Iskenderun's Mystic   Conj/Tloc      43%        2d10      4%          4
f - Fulminant Prism       Conj/Alch      22%        3d12      4%          4
m - Magic Dart            Conj           100%       1d8       1%          1
s - Searing Ray           Conj           100%       2d8       1%          2

Your spell library contained the following spells:

 Spells                   Type           Power      Damage    Failure   Level
 Apportation              Tloc           62%        N/A       1%          1
 Shock                    Conj/Air       100%       1d9       1%          1
 Gell's Gravitas          Tloc           31%        N/A       3%          3
 Hailstorm                Conj/Ice       31%        3d8       3%          3
 Teleport Other           Tloc           31%        N/A       3%          3
 Freeze                   Ice            20%        1d4       8%          1
 Jinxbite                 Hex            10%        N/A       12%         2
 Frozen Ramparts          Ice            10%        1d2       22%         3
 Swiftness                Air            5%         N/A       22%         3
 Airstrike                Air            2%         2d(1-17)  58%         4
 Animate Dead             Necr           5%         N/A       58%         4
 Alistair's Intoxication  Alch           22%        N/A       26%         5
 Dispersal                Tloc           15%        N/A       87%         6
 Borgnjor's Vile Clutch   Necr/Erth      2%         N/A       91%         5
 Death Channel            Necr           2%         N/A       100%        6

Inventory:

Hand Weapons
 B - the +3 long sword of Quantum Leap (weapon) {freeze, rPois rCorr Str+2}
   (You found it on level 8 of the Dungeon)

   Str+2:     It affects your strength (+2).
   rPois:     It protects you from poison.
   rCorr:     It protects you from acid and corrosion.
Missiles
 i - 4 javelins
 l - a throwing net {=f}
Armour
 a - a +0 robe (worn)
 h - a +1 helmet (worn)
 n - a +0 pair of boots (worn)
Magical Staves
 b - a staff of death {!a}
Jewellery
 e - a ring of fire
 f - a ring of protection from cold (right hand)
 g - a ring of see invisible
 r - a ring of flight (left hand)
Wands
 s - a wand of roots (10)
 z - a wand of digging (5)
Scrolls
 d - 5 scrolls of immolation
 o - a scroll of vulnerability
 v - a scroll of poison
 x - 2 scrolls of teleportation {@r2}
 C - a scroll of fog
Potions
 c - 3 potions of resistance
 j - a potion of heal wounds {@q2}
 m - 2 potions of haste {@q3}
 q - 4 potions of brilliance
 t - a potion of mutation
 u - a potion of attraction
 w - a potion of curing {unknown}
 A - a potion of might {unknown}

Dungeon Overview and Level Annotations

Branches:
Dungeon (9/15) Zot: 26894  Temple (0/1) D:7
   Lair: D:8-11         Orc: D:9-12

Shops:
D:3 *   D:4 *   D:7 ((   D:8 =

Annotations:
D:4 Dowan, Duvessa

.##
#.#######.##..##.#..........#
.#
#.#..##...##..##.##.........#
.#
#....#..####..##.##.........#
.#
#...#..###....##..#.........#
.####.....##
#....###.#.........#
........### #...##
#.#.........# .......## #...#
#.#.........# .....รท..###
##...# #.######.####
.##..##...###..#@# #..## #.#
.....####%..#.##h# ##..####.#
.....# ###...##.# ##......#
..#### ###.##.# #......#
..#########...##.# #......#
............#....# #......#
.#..........#....######......#
.#..).....).#................#
.#..........#....###########.#


You could see a warg.


Message History

You erupt in a blast of force!
The two-headed ogre is heavily wounded.
Unknown command.
Casting: Iskenderun's Mystic Blast (dangerous; 4% risk of failure)
Confirm with . or Enter, or press ? or * to list all spells.
You erupt in a blast of force!
The two-headed ogre is heavily wounded.
The two-headed ogre is knocked back by the mystic blast.
An orc comes into view. It is wielding a +0 club.
An orc priest comes into view. It is wielding a +0 club.
The orc priest calls down the wrath of Beogh upon you.
Beogh smites you!
An orc comes into view. It is wielding a +0 club.
The warg stops to sniff the ground.
The orc priest mumbles some strange prayers to Beogh against you.
Beogh smites you!
An orc comes into view. It is wielding a +0 short sword.
There is a stone staircase leading up here.
Unknown command.
The warg bites you!!
* * * LOW HITPOINT WARNING * * *
The warg closely misses you.
You fly upwards.
There is a stone staircase leading down here.
Unknown command.
Unknown command.
The warg attacks as it pursues you! The warg bites you.
* * * LOW HITPOINT WARNING * * *
The warg bites you!!
You die...

Skill      XL: |  1  2  3  4  5  6  7  8  9 |
---------------+----------------------------+-----
Stealth        | 2 |  2.0
Dodging        | 2 |  2.0
Spellcasting   | 2 3 |  3.7
Conjurations   | 4 5 6 8 9 |  9.2
Translocations | 1 2 4 |  4.6
Alchemy        | 2 5 |  5.0

Action                     |  1- 3 |  4- 6 |  7- 9 || total
---------------------------+-------+-------+-------++-------
  Melee: Long sword        |       |       |    13 ||    13
   Cast: Magic Dart        |    65 |   107 |    59 ||   231
         Searing Ray       |     1 |    11 |    23 ||    35
         Fulminant Prism   |       |       |    26 ||    26
         Iskenderun's Myst |       |       |     6 ||     6
  Evoke: Wand              |       |       |     1 ||     1
    Use: Scroll            |       |     8 |     8 ||    16
         Potion            |       |       |     1 ||     1
 Armour: Robe              |     3 |    30 |    67 ||   100
  Dodge: Dodged            |     1 |    17 |    70 ||    88

Levels and vault maps discovered:
D:1:      tarquinn_simple_flora_water_c, layout_loops_ring,
          hellmonk_ecumenical_altar_pennies_from_heaven,
          minmay_tree_intersection
D:2:      layout_basic, uniq_natasha
D:3:      layout_loops_cross, nicolae_gozag_zags_fifth_avenue, serial_glass,
          glass_columns_a, glass_columns_a, glass_columns_a, glass_columns_a,
          glass_columns_b, glass_columns_c, due_unseen_surprise,
          minmay_strange_pillars, item_on_display_a
D:4:      layout_layer_cave, nicolae_shop_fire_sale [nicolae_sub_dead_trees],
          st_stairs_9, minmay_fire_ice_demons, uniq_duvessa
D:5:      layout_basic, portal_sewer_entry_d
D:6:      layout_rooms, nicolae_overflow_squiral, roderic_roman_lattice
D:7:      layout_basic, temple_green, serial_shops, shop, shop
D:8:      layout_rooms, serial_shops, nicolae_shop_gaudy_bauble,
          minmay_mini_ossuary
D:9:      layout_stronghold, lemuel_crystal_altar, elyvilon_altar_1,
          david_lair_generic, erik_orc_4, grunt_decor_junction

Notes
Turn   | Place    | Note
-------+----------+-------------------------------------------
     0 | D:1      | Ruich the Demigod Conjurer began the quest for the Orb.
     0 | D:1      | Reached XP level 1. HP: 14/14 MP: 5/5
   231 | D:1      | Reached skill level 2 in Stealth
   354 | D:1      | Reached skill level 2 in Dodging
   433 | D:1      | Reached skill level 2 in Spellcasting
   433 | D:1      | Reached XP level 2. HP: 20/20 MP: 2/7
   821 | D:1      | Reached skill level 4 in Conjurations
  1301 | D:1      | Learned a level 2 spell: Searing Ray
  1434 | D:2      | Noticed Natasha
  1440 | D:2      | Killed Natasha
  1441 | D:2      | Reached XP level 3. HP: 22/26 MP: 0/9
  1949 | D:2      | Noticed Natasha
  1955 | D:2      | Killed Natasha
  1956 | D:2      | Reached XP level 4. HP: 27/33 MP: 3/10
  1960 | D:2      | Noticed Natasha
  1965 | D:2      | Killed Natasha
  3168 | D:3      | Found Gozag's Platinum Reserve.
  3221 | D:3      | Reached skill level 5 in Conjurations
  3490 | D:3      | Reached skill level 3 in Spellcasting
  3490 | D:3      | Reached XP level 5. HP: 26/38 MP: 7/12
  3498 | D:3      | Learned a level 4 spell: Iskenderun's Mystic Blast
  3606 | D:4      | Identified a potion of resistance
  4172 | D:4      | Noticed Duvessa
  4172 | D:4      | Noticed Dowan
  4223 | D:4      | Found Waora's Fire Supplies.
  4231 | D:4      | Reached skill level 1 in Translocations
  4231 | D:4      | Reached XP level 6. HP: 35/45 MP: 4/14
  4445 | D:4      | Learned a level 4 spell: Fulminant Prism
  5440 | D:5      | Entered Level 5 of the Dungeon
  5450 | D:5      | Reached skill level 6 in Conjurations
  5647 | D:5      | Reached skill level 1 in Alchemy
  5742 | D:5      | Reached skill level 2 in Translocations
  5903 | D:5      | Reached skill level 2 in Alchemy
  5903 | D:5      | Reached XP level 7. HP: 37/50 MP: 5/15
  6159 | D:5      | Reached skill level 3 in Alchemy
  6303 | D:5      | Reached skill level 4 in Alchemy
  7895 | D:6      | Reached skill level 5 in Alchemy
  7895 | D:6      | Reached XP level 8. HP: 57/57 MP: 1/16
  8264 | D:7      | Reached skill level 7 in Conjurations
  8404 | D:7      | Found Ohiw's Weapon Boutique.
  8438 | D:7      | Found a staircase to the Ecumenical Temple.
  8632 | D:7      | Reached skill level 3 in Translocations
  8982 | D:7      | Found Atwuanorgh's Antique Weapon Boutique.
  9033 | D:7      | Reached skill level 8 in Conjurations
  9926 | D:8      | Identified the +3 long sword of Quantum Leap {freeze, rPois
                  | rCorr Str+2}
 10107 | D:8      | Reached skill level 4 in Translocations
 10305 | D:8      | Found Nedwoih's Jewellery Boutique.
 10432 | D:8      | Reached XP level 9. HP: 46/62 MP: 9/17
 10437 | D:8      | Reached skill level 9 in Conjurations
 11067 | D:9      | Noticed a two-headed ogre
 11080 | D:8      | Slain by a warg

Vanquished Creatures
  A steam dragon (D:8)
  2 water moccasins
  4 sky beasts
  2 ice beasts (D:5)
  2 orc warriors
  A black bear (D:6)
  An ogre (D:7)
  2 kobold brigands
  A bullfrog (D:8)
  5 scorpions
  6 howler monkeys
  A crimson imp (D:4)
  2 centaur zombies (D:8)
  2 bombardier beetles
  A jelly (D:6)
  An orc priest (D:7)
  A hound (D:6)
  3 iguanas
  2 orc wizards
  Natasha (thrice) (D:2)
  A killer bee zombie (D:8)
  An ogre zombie (D:8)
  A mummy (D:8)
  4 adders
  2 white imps
  2 ufetubi (D:7)
  4 dart slugs
  2 ribbon worms (D:3)
  6 orcs (D:7)
  7 endoplasms
  A giant cockroach (D:3)
  6 goblins
  4 hobgoblins (D:1)
  4 jackals (D:3)
  4 quokkas
  6 ball pythons
  6 bats
  3 frilled lizards
  8 kobolds
  3 rats
118 creatures vanquished.

Vanquished Creatures (others)
  26 fulminant prisms
26 creatures vanquished.

Grand Total: 144 creatures vanquished

Table legend: (Time is in decaauts)
 A = Elapsed time spent in this place.
 B = Non-inter-level travel time spent in this place.
 C = Inter-level travel time spent in this place.
 D = Time resting spent in this place.
 E = Time spent auto-exploring this place.
 F = Levels seen in this place.
 G = Mean time per level.
                   A        B        C        D        E       F      G
               +--------+--------+--------+--------+--------+-----+--------+
         Total |  11099 |  10864 |    235 |   4023 |   5720 |   9 | 1233.2 |
       Dungeon |  11099 |  10864 |    235 |   4023 |   5720 |   9 | 1233.2 |
               +--------+--------+--------+--------+--------+-----+--------+

Top non-repeatable levels by time:
     D:4: 1858 daAuts
     D:5: 1537 daAuts
     D:6: 1530 daAuts
     D:7: 1346 daAuts
     D:1: 1304 daAuts
     D:2: 1149 daAuts
     D:8: 1135 daAuts
     D:3: 1133 daAuts
     D:9: 102 daAuts

Table legend:
 A = Non-vault XP
 B = Vault XP
 C = Vault XP percentage of total XP
 D = Non-vault monster count
 E = Vault monster count
 F = Vault count percentage of total count
                 A         B        C        D         E       F
            +---------+---------+-------+---------+---------+-------
      Total |    3310 |     390 |  10.5 |     106 |      12 |  10.2
            +---------+---------+-------+---------+---------+-------
        D:1 |      38 |       0 |   0.0 |      21 |       0 |   0.0
        D:2 |      83 |      32 |  27.8 |      10 |       1 |   9.1
        D:3 |     107 |       0 |   0.0 |      20 |       0 |   0.0
        D:4 |     154 |     145 |  48.5 |       8 |       4 |  33.3
        D:5 |     724 |      13 |   1.8 |       9 |       1 |  10.0
        D:6 |     569 |       0 |   0.0 |      12 |       0 |   0.0
        D:7 |     757 |       0 |   0.0 |      17 |       0 |   0.0
        D:8 |     731 |     165 |  18.4 |       8 |       5 |  38.5
        D:9 |     147 |      35 |  19.2 |       1 |       1 |  50.0
            +---------+---------+-------+---------+---------+-------
